 Dungeon Crawl Stone Soup version 0.22.1-1-ga44c0e5 (webtiles) character file.

59 redwoodhats the Sneak (level 4, -2/29 HPs)
             Began as an Octopode Assassin on Oct 22, 2018.
             Slain by Sigmund
             ... wielding a +0 scythe
              (4 damage)
             ... on level 2 of the Dungeon.
             The game lasted 00:07:23 (1362 turns).

redwoodhats the Sneak (Octopode Assassin)           Turns: 1362, Time: 00:07:24

Health: -2/29      AC:  1    Str: 10    XL:     4   Next: 3%
Magic:  4/4        EV: 13    Int: 14    God:
Gold:   93         SH:  0    Dex: 13    Spells: 3/3 levels left

rFire    . . .     SeeInvis .   a - +2 dagger
rCold    . . .     Gourm    .   (no shield)
rNeg     . . .     Faith    .   (helmet restricted)
rPois    .         Spirit   .   (no amulet)
rElec    .         Reflect  .   k - ring of resist corrosion
rCorr    +         Harm     .   (no ring)
MR       .....                  (no ring)
Stlth    ++++......             (no ring)
HPRegen  0.09/turn              (no ring)
MPRegen  0.09/turn              (no ring)
                                (no ring)
                                (no ring)

@: no status effects
A: almost no armour, stealthy swim, amphibious, 8 rings, constrict 8, camouflage
1, gelatinous body 1
a: no special abilities


You were on level 2 of the Dungeon.
You were not hungry.

You visited 1 branch of the dungeon, and saw 2 of its levels.

You collected 93 gold pieces.

Inventory:

Hand Weapons
 a - a +2 dagger (weapon)
 b - a +0 blowgun
 e - a +0 mace of draining
Missiles
 c - 7 poisoned needles
Jewellery
 k - a ring of resist corrosion (left tentacle)
Scrolls
 j - a scroll of teleportation {unknown}
 m - a scroll of remove curse {unknown}
Potions
 h - a potion of magic {unknown}
 i - a potion of cancellation {unknown}
 l - a potion of heal wounds {unknown}
Comestibles
 f - 7 rations


   Skills:
 + Level 2.2 Fighting
 + Level 2.1 Short Blades
 + Level 2.4 Throwing
 + Level 1.1 Dodging
 + Level 6.9 Stealth


You had 3 spell levels left.
You didn't know any spells.
Your spell library was empty.

Dungeon Overview and Level Annotations

Branches:
Dungeon (2/15)

Altars:
Okawaru

Annotations:
D:2 Sigmund


Innate Abilities, Weirdness & Mutations

You cannot wear most types of armour.
You are very stealthy in the water. (Stealth+)
You are amphibious.
You can wear up to eight rings at the same time.
You can use your tentacles to constrict eight enemies at once.
Your skin changes colour to match your surroundings (Stealth+).
Your rubbery body absorbs attacks. (AC +1, EV +1)


Message History

a - a +2 dagger (weapon)
You constrict Sigmund.
You release your grip on Sigmund.
Sigmund casts a spell at you. The magic dart hits you!
* * * LOW HITPOINT WARNING * * *
You miss Sigmund.
Sigmund is severely wounded.
Sigmund casts a spell.
Sigmund flickers and vanishes!
Deactivating autopickup; reactivate with Ctrl-A.
You hit something but do no damage. Something hits you.
* * * LOW HITPOINT WARNING * * *
You hear some strange, mumbled words.
A puff of flame appears from out of thin air!
The puff of flame misses you.
You feel less confused. Something hits you.
You die...

#### ...### ...#
####.. ## #.##
#.... .#
##@.###..# .#
#########.......#
.#
#.....)†..#{.####
.#
#.##########...#
.## #.# ###..#
..#####.# #..#
........# #...
.###..### ...(.
.# ##.....# ##.(


There were no monsters in sight!

Vanquished Creatures
  A hound (D:2)
  2 dart slugs (D:2)
  2 giant cockroaches
  A goblin (D:1)
  3 hobgoblins
  7 bats
  A frilled lizard (D:1)
  8 kobolds
  3 rats
28 creatures vanquished.

Notes
Turn   | Place    | Note
-------+----------+-------------------------------------------
     0 | D:1      | redwoodhats the Octopode Assassin began the quest for the
                  | Orb.
     0 | D:1      | Reached XP level 1. HP: 14/14 MP: 1/1
   547 | D:1      | Reached XP level 2. HP: 19/19 MP: 2/2
  1110 | D:2      | Reached skill level 6 in Stealth
  1113 | D:2      | Reached XP level 3. HP: 24/24 MP: 3/3
  1145 | D:2      | Found an iron altar of Okawaru.
  1287 | D:2      | Reached XP level 4. HP: 22/29 MP: 4/4
  1333 | D:2      | Noticed Sigmund
  1362 | D:2      | Slain by Sigmund

Skill      XL: |  1  2 |
---------------+-------+-----
Stealth        | 6 |  6.9
Fighting       | |  2.2
Short Blades   | |  2.1
Throwing       | |  2.4
Dodging        | |  1.1

Action                   |  1- 3 |  4- 6 || total
-------------------------+-------+-------++-------
Melee: Blowgun           |    39 |     8 ||    47
       Constrict         |    17 |     1 ||    18
       Tentacles         |    11 |     1 ||    12
       Dagger            |     1 |     2 ||     3
 Fire: Blowgun           |    17 |     8 ||    25
  Use: Scroll            |     3 |       ||     3
       Potion            |     2 |       ||     2
 Stab: Sleeping          |     4 |       ||     4
  Eat: Chunk             |     1 |       ||     1
Armor: Skin              |    11 |       ||    11
Dodge: Dodged            |    43 |     6 ||    49
